 Dungeon Crawl Stone Soup version 0.30.0 (webtiles) character file.

Game seed: 7403798378369264755

16 selver the Slasher (level 2, -1/24 HPs)
             Began as a Merfolk Monk on May 6, 2023.
             Was a Priest of the Shining One.
             Killed from afar by Natasha (9 damage)
             ... with a magic dart
             ... on level 2 of the Dungeon.
             The game lasted 00:02:26 (955 turns).

selver the Slasher (Merfolk Monk)                    Turns: 955, Time: 00:02:27

Health: -1/24      AC:  6    Str: 11    XL:     2   Next: 58%
Magic:  2/2        EV: 12    Int:  9    God:    the Shining One [***...]
Gold:   81         SH:  0    Dex: 16    Spells: 1/1 levels left

rFire   . . .        a - +0 falchion
rCold   . . .        d - orb {light}
rNeg    + . .        j - +0 ring mail
rPois   .            (no helmet)
rElec   .            m - +0 cloak
rCorr   .            (no gloves)
SInv    .            (no boots)
Will    .....        (no amulet)
Stlth   +            (no ring)
HPRegen 0.24/turn    (no ring)
MPRegen 0.08/turn

%: no passive effects
@: glowing
A: (nimble swimmer 2), mertail
a: Renounce Religion, Divine Shield, Cleansing Flame


You were on level 2 of the Dungeon.
You worshipped the Shining One.
The Shining One was most pleased with you.
You visited 1 branch of the dungeon, and saw 2 of its levels.

You collected 81 gold pieces.

Inventory:

Hand Weapons
 a - a +0 falchion (weapon)
Armour
 b - a +0 robe
 d - an orb of light (worn)
 j - a +0 ring mail (worn)
 m - a +0 cloak (worn)
Scrolls
 f - 2 scrolls of blinking {unknown}
 g - 2 scrolls of acquirement {unknown}
 i - a scroll of immolation {unknown}
 l - a scroll of magic mapping {unknown}
Potions
 e - a potion of degeneration {unknown}
 h - a potion of attraction {unknown}
 k - a potion of curing {unknown}


   Skills:
 - Level 3.2 Fighting
 + Level 4.7 Long Blades
 - Level 4.0 Dodging


You had one spell level left.
You didn't know any spells.
Your spell library contained the following spells:

 Spells                   Type           Power      Damage    Failure   Level
 Shock                    Conj/Air       0%         1d3       69%         1
 Swiftness                Air            0%         N/A       96%         3
 Airstrike                Air            0%         2d(0-16)  100%        4


Dungeon Overview and Level Annotations

Branches:
Dungeon (2/15)

Altars:
The Shining One

Annotations:
D:2 Natasha


Innate Abilities, Weirdness & Mutations

((You are very nimble when in or above water. (Stealth+, EV+, Speed+++)))
Your lower body shifts to a powerful aquatic tail in water.


Message History

You see here a +0 cloak.
m - a +0 cloak You start putting on your armour.
You continue putting on your +0 cloak. x4
You finish putting on your +0 cloak.
Natasha, Servant of Life and Death comes into view.
Natasha stares at you and mumbles some strange words.
The magic dart hits you. Natasha claws you!
You hit Natasha.
Natasha is lightly wounded.
Natasha claws you.
You hit Natasha but do no damage.
Natasha is lightly wounded.
Natasha claws you.
You are too injured to fight recklessly!
You are confused.
You feel invigorated. Natasha barely misses you.
You are too confused!
Natasha casts a spell.
Natasha claws you.
You hit Natasha but do no damage.
Natasha is lightly wounded.
Natasha barely misses you.
The cerulean imp hits you from afar with a +2 spear.
You bump into the rock wall.
Natasha closely misses you.
The cerulean imp hits you from afar with a +2 spear.
You barely miss Natasha.
Natasha is lightly wounded.
You feel less invigorated.
You feel less confused. Natasha claws you.
The cerulean imp hits you from afar with a +2 spear.
You hit Natasha.
Natasha is moderately wounded.
Natasha claws you! The cerulean imp barely misses you.
You hit Natasha.
Natasha is almost dead.
Natasha casts a spell at you. The magic dart hits you!
You die...

#..........####.#.#.
###...#+#.........#.#.
+.......#.....#####.##
#.............# #.#
#.......#####.## #.#
+............... .>#
#...#.....#......####
###.#.......#....#
#..@......+....#
###.h.....#....#
.......5......#....#
..............#
.............##
.......#.......
................
+####.....#..... #..
..#....


You could see Natasha and a cerulean imp (summoned).

Vanquished Creatures
  An endoplasm (D:1)
  A giant cockroach (D:1)
  A goblin (D:1)
  2 hobgoblins (D:1)
  2 jackals (D:1)
  A kobold (D:1)
  2 bats (D:1)
  A frilled lizard (D:1)
  5 rats (D:1)
16 creatures vanquished.

Notes
Turn   | Place    | Note
-------+----------+-------------------------------------------
     0 | D:1      | selver the Merfolk Monk began the quest for the Orb.
     0 | D:1      | Reached XP level 1. HP: 18/18 MP: 1/1
     9 | D:1      | Found a faded altar of an unknown god.
    17 | D:1      | Prayed at the altar of an unknown god.
    17 | D:1      | Became a worshipper of the Shining One
    17 | D:1      | Reached * piety under the Shining One
    17 | D:1      | Reached ** piety under the Shining One
   256 | D:1      | Reached XP level 2. HP: 24/24 MP: 2/2
   295 | D:1      | Reached *** piety under the Shining One
   942 | D:2      | Noticed Natasha
   955 | D:2      | Killed from afar by Natasha

Illustrated notes

Levels and vault maps discovered:
D:1:      scummos_arrival_hexagon, layout_loops_ring,
          ebering_ecumenical_altar_hall, serial_park_tiny_1
D:2:      layout_basic, corexii_hall_statues_i, kennysheep_generic_room_14,
          uniq_natasha

Skill      XL: |  1 |
---------------+----+-----
Long Blades    | 4 |  4.7
Fighting       | |  3.2
Dodging        | |  4.0

Action                     || total
---------------------------++-------
  Melee: Falchion          ||    45
    Use: Potion            ||     1
 Armour: Robe              ||    13
  Dodge: Dodged            ||    43
